 Dungeon Crawl Stone Soup version 0.29.1-4-g47bece8355 (webtiles) character file.

Game seed: 3937838671633500424

1775 sanboga the Grappler (level 8, 0/121 (124) HPs)
             Began as a Troll Berserker on Dec 2, 2022.
             Was a Priest of Trog.
             Slain by a wight
             ... wielding a +0 hand axe
              (3 damage)
             ... on level 7 of the Dungeon.
             The game lasted 00:04:02 (4075 turns).

sanboga the Grappler (Troll Berserker)              Turns: 4075, Time: 00:04:02

HP:   0/121 (124)   AC:  4    Str: 34    XL:     8   Next: 80%
MP:   7/7           EV: 10    Int:  3    God:    Trog [***...]
Gold: 291           SH:  0    Dex:  9    Spells: 7/7 levels left

rFire   . . .      SeeInvis .     - Unarmed
rCold   . . .      Faith    .   (no shield)
rNeg    . . .      Spirit   .   a - +0 animal skin
rPois   +          Reflect  .   (helmet restricted)
rElec   .          Harm     .   (no cloak)
rCorr   .          Rampage  .   (gloves unavailable)
Will    .....                   (boots unavailable)
Stlth   ..........              (no amulet)
HPRegen 1.10/turn               o - ring of poison resistance
MPRegen 0.10/turn               p - +6 ring of strength

@: berserking, lightly drained, very quick
A: large, unfitting armour, claws 3, regeneration 1, shaggy fur 1, tough skin 1
a: Renounce Religion, Berserk, Trog's Hand


You were on level 7 of the Dungeon.
You worshipped Trog.
Trog was most pleased with you.
You visited 1 branch of the dungeon, and saw 8 of its levels.

You collected 291 gold pieces.

Inventory:

Armour
 a - a +0 animal skin (worn)
 e - the +7 tower shield of Contentment {Rampage rF+ Slay+2}
   (You acquired it on level 4 of the Dungeon)

   Slay:      It affects your accuracy & damage with ranged weapons and melee
   (+2).
   rF:        It protects you from fire.
   Rampage:   It bestows one free step when moving towards enemies.
Jewellery
 o - a ring of poison resistance (left claw)
 p - a +6 ring of strength (right claw)
Wands
 g - a wand of digging (7)
 u - a wand of charming (8)
Scrolls
 c - a scroll of blinking {unknown}
 f - 3 scrolls of teleportation {unknown}
 j - 2 scrolls of noise {unknown}
 k - 2 scrolls of identify
 m - a scroll of magic mapping
 n - a scroll of fear {unknown}
 v - a scroll of vulnerability {unknown}
Potions
 b - 2 potions of ambrosia
 d - 4 potions of curing
 h - a potion of magic {unknown}
 i - 4 potions of mutation
 l - a potion of berserk rage
 q - a potion of heal wounds
 r - a potion of might


   Skills:
 + Level 6.0 Fighting
 - Level 2.4 Dodging
 * Level 9.8 Unarmed Combat


You had 7 spell levels left.
You didn't know any spells.
Your spell library was empty.

Dungeon Overview and Level Annotations

Branches:
Dungeon (8/15)
 Temple: D:4-7         Lair: D:8-11

Altars:
Ashenzari
Cheibriados
Hepliaklqana
Kikubaaqudgha
Makhleb
Qazlal


Innate Abilities, Weirdness & Mutations

You are too large for most types of armour.
You have claws for hands.
Your natural rate of healing is unusually fast.
You are covered in fur. (AC +1)
You have tough skin. (AC +1)


Message History

The centaur hits you but does no damage.
The centaur kicks you. The wight hits you with a +3 scimitar!!
* * * LOW HITPOINT WARNING * * *
The wight barely misses you.
You closely miss the wight.
The wight is heavily damaged.
The centaur hits you but does no damage.
The centaur kicks you.
* * * LOW HITPOINT WARNING * * *
The wight hits you with a +3 scimitar.
* * * LOW HITPOINT WARNING * * *
The wight hits you with a +0 hand axe.
* * * LOW HITPOINT WARNING * * *
You closely miss the wight.
The centaur hits you but does no damage.
The centaur kicks you but does no damage.
You barely miss the wight. Your claw misses the wight.
The centaur hits you but does no damage.
The centaur kicks you but does no damage.
The wight closely misses you. The white imp gestures at you.
The puff of frost hits you.
* * * LOW HITPOINT WARNING * * *
The wight misses you.
You eviscerate the wight!!!
You destroy the wight!
Trog accepts your kill.
The centaur hits you but does no damage.
The centaur kicks you but does no damage.
Your life force feels restored.
Your Fighting skill increases to level 6!
You barely miss the wight.
The wight is heavily damaged.
The white imp gestures at you. The puff of frost hits you!
* * * LOW HITPOINT WARNING * * *
The wight hits you with a +0 hand axe!
* * * LOW HITPOINT WARNING * * *
You feel drained.
You die...

###################
......c..!........#
......z@..........#
."....5)..........#
##................######
#...#..................
#...########.........#
#.. #.........# #.
#.........# #.
###.......## #.......##


You could see a centaur, a wight and a white imp.

Vanquished Creatures
  Sigmund (D:2)
  Menkaure (D:5)
  Duvessa (D:6)
  4 ice beasts
  An ogre (D:5)
  4 scorpions
  3 wights (D:7)
  Dowan (D:6)
  An orc priest (D:5)
  8 hounds
  An orc wizard (D:6)
  3 gnolls (D:7)
  7 adders
  A shadow imp (D:5)
  An ufetubus (D:5)
  5 worms
  3 dart slugs
  15 orcs
  8 endoplasms
  3 giant cockroaches (D:1)
  7 goblins
  10 hobgoblins
  6 kobolds
  3 quokkas
  7 ball pythons
  3 bats
  3 frilled lizards
  3 rats (D:3)
114 creatures vanquished.

Vanquished Creatures (others)
  A fungus (D:1)
1 creature vanquished.

Grand Total: 115 creatures vanquished

Notes
Turn   | Place    | Note
-------+----------+-------------------------------------------
     0 | D:1      | sanboga the Troll Berserker began the quest for the Orb.
     0 | D:1      | Reached XP level 1. HP: 22/22 MP: 0/0
    98 | D:1      | Reached XP level 2. HP: 27/29 MP: 1/1
   349 | D:1      | Reached XP level 3. HP: 36/36 MP: 2/2
   443 | D:1      | Reached ** piety under Trog
   479 | D:1      | Reached skill level 4 in Unarmed Combat
   480 | D:1      | Found a faded altar of an unknown god.
   678 | D:2      | Found a hazy altar of Hepliaklqana.
   952 | D:2      | Noticed Sigmund
   959 | D:2      | Killed Sigmund
   960 | D:2      | Reached skill level 5 in Unarmed Combat
   960 | D:2      | Reached XP level 4. HP: 45/45 MP: 3/3
   960 | D:2      | Reached XP level 5. HP: 53/53 MP: 4/4
  2026 | D:4      | Reached XP level 6. HP: 62/62 MP: 5/5
  2193 | D:4      | Reached *** piety under Trog
  2194 | D:4      | Reached skill level 6 in Unarmed Combat
  2831 | D:4      | Identified a scroll of acquirement
  2831 | D:4      | Acquired the +7 tower shield of Contentment {Rampage rF+
                  | Slay+2}
  2840 | D:5      | Entered Level 5 of the Dungeon
  2866 | D:5      | Reached XP level 7. HP: 61/70 MP: 6/6
  2912 | D:5      | Reached skill level 7 in Unarmed Combat
  3129 | D:5      | Noticed Menkaure
  3135 | D:5      | Killed Menkaure
  3136 | D:5      | Reached skill level 8 in Unarmed Combat
  3188 | D:5      | Reached skill level 5 in Fighting
  3259 | D:5      | Reached XP level 8. HP: 73/80 MP: 7/7
  3559 | D:5      | Found a stormy altar of Qazlal.
  3561 | D:5      | Noticed an air elemental
  3748 | D:6      | Noticed Dowan
  3749 | D:6      | Noticed Duvessa
  3756 | D:6      | Killed Duvessa
  3762 | D:6      | HP: 1/117 [Dowan/stone arrow (10)]
  3763 | D:6      | Killed Dowan
  3764 | D:6      | Reached skill level 9 in Unarmed Combat
  3997 | D:6      | You fall into a shaft and drop 2 floors!
  3998 | D:8      | Found a burning altar of Makhleb.
  3998 | D:8      | Found a snail-covered altar of Cheibriados.
  4002 | D:8      | Found a broken altar of Ashenzari.
  4002 | D:8      | Found an ancient bone altar of Kikubaaqudgha.
  4075 | D:7      | HP: 3/124 [wight/+0 hand axe (8)]
  4075 | D:7      | Slain by a wight

Illustrated notes

Levels and vault maps discovered:
D:1:      dpeg_arrival_shelter, layout_loops_ring,
          shapermc_ecumenical_altar_rom_forum
D:2:      layout_loops_ring, basic_altar, uniq_sigmund
D:3:      layout_loops_ring, grunt_ministairs_14
D:4:      layout_loops_ring, chequers_serial_rivers_small_3
D:5:      layout_basic, nicolae_qazlal_style_of_elements, minivault_23,
          minivault_1, uniq_menkaure
D:6:      layout_loops_cross, temple_hall_moat, nrook_mini_vaults, uniq_duvessa
D:7:      layout_basic, amcnicky_altar_gilded, gammafunk_temple_overflow_pools
D:8:      layout_gridville, grunt_temple_overflow_open, ebering_ghost_xom

Skill      XL: |  1  2  3  4  5  6  7  8 |
---------------+-------------------------+-----
Unarmed Combat | 5 6 8 9 |  9.8
Fighting       | 3 4 5 6 |  6.0
Dodging        | |  2.4

Action                   |  1- 3 |  4- 6 |  7- 9 || total
-------------------------+-------+-------+-------++-------
Melee: Unarmed           |    76 |    96 |    88 ||   260
       Punch             |     2 |     2 |     3 ||     7
Invok: Berserk           |     1 |       |     3 ||     4
  Use: Scroll            |       |    12 |       ||    12
Armor: Animal skin       |    13 |    21 |    35 ||    69
Dodge: Dodged            |    37 |    30 |    41 ||   108
